Map: Odyssey LE

Players

BAILS

  • Race: Protoss Protoss
  • Spawn Location: 11:00

Harstem - Winner!

  • Race: Protoss Protoss
  • Spawn Location: 5:00

Event: WCS Montreal 2017

VOD

Have the link to the VOD?

Description

Time

  • Played on: Sept. 8, 2017, 12:24 p.m.
  • Length: 13:55

All games in this series

Show
View Real Time Build Order
Export as new Build Order

BAILS Protoss 

Build Orders:  

Get SALT Encoding   

  12  0:00  Probe (Chrono Boost)  
  13  0:11  Probe (Chrono Boost)  
  14  0:16  Pylon  
  14  0:22  Probe (Chrono Boost)  
  15  0:35  Probe (Chrono Boost)  
  16  0:36  Gateway  
  16  0:45  Probe (Chrono Boost)  
  16  0:46  Assimilator  
  17  0:51  Assimilator  
  17  0:56  Probe (Chrono Boost)  
  18  1:06  Probe (Chrono Boost)  
  18  1:07  Gateway  
  19  1:17  Probe (Chrono Boost)  
  20  1:23  Cybernetics Core  
  20  1:27  Probe (Chrono Boost)  
  21  1:38  Probe (Chrono Boost), Pylon  
  22  1:48  Probe (Chrono Boost)  
  23  2:00  Stalker x2, Warp Gate (Chrono Boost)  
  27  2:10  Mothership Core (Chrono Boost)  
  27  2:13  Pylon  
  29  2:30  Stalker  
  29  2:32  Stalker  
  33  2:38  Probe  
  34  2:59  Nexus  
  34  3:02  Sentry  
  36  3:06  Sentry  
  36  3:11  Pylon  
  38  3:24  Robotics Facility  
  38  3:29  Probe (Chrono Boost)  
  39  3:40  Probe (Chrono Boost)  
  40  3:48  Gateway  
  40  3:53  Stalker  
  40  3:54  Stalker  
  44  4:04  Probe (Chrono Boost), Pylon  
  45  4:15  Warp Prism (Chrono Boost)  
  47  4:21  Sentry x2  
  51  4:29  Probe  
  52  4:42  Pylon  
  52  4:50  Immortal (Chrono Boost)  
  56  4:56  Adept x2  
  56  4:59  Probe  
  61  5:00  Probe  
  62  5:09  Pylon  
  62  5:18  Adept x2  
  62  5:20  Adept  
  68  5:26  Probe, Observer (Chrono Boost)  
  68  5:27  Probe  
  71  5:36  Probe  
  72  5:43  Pylon  
  72  5:47  Stalker x2  
  76  5:52  Stalker  
  76  5:55  Probe  
  75  6:14  Stalker x2  
  77  6:25  Immortal (Chrono Boost)  
  73  6:27  Adept  
  73  6:28  Probe  
  73  6:29  Probe  
  77  6:38  Adept x2  
  73  6:40  Probe  
  73  6:41  Probe  
  71  6:49  Adept  
  71  6:52  Probe  
  71  6:53  Probe  
  63  6:58  Assimilator  
  63  7:01  Assimilator, Adept x2  
  61  7:07  Gateway  
  61  7:08  Gateway  
  65  7:11  Gateway  
  65  7:15  Gateway  
  65  7:20  Immortal (Chrono Boost)  
  65  7:21  Probe (Chrono Boost)  
  70  7:32  Stalker x2  
  70  7:34  Probe (Chrono Boost)  
  70  7:36  Sentry  
  77  7:41  Pylon  
  77  7:42  Probe  
  77  7:47  Probe  
  78  8:01  Sentry, Stalker x2  
  84  8:11  Pylon  
  84  8:12  Pylon  
  84  8:23  Stalker x2, Adept x2  
  84  8:24  Stalker  
  94  8:41  Adept x2  
  98  8:43  Sentry  
  98  8:44  Sentry  
  98  8:47  Adept x2  
  106  9:02  Pylon  
  106  9:03  Adept x3  
  106  9:04  Pylon  
  112  9:19  Adept  
  112  9:20  Adept x3  
  102  9:28  Adept  
  102  9:30  Immortal (Chrono Boost)  
  94  9:32  Adept x2  
  97  9:41  Adept x3  
  103  9:46  Adept  
  103  9:57  Adept x2  
  97  10:01  Adept x2  
  97  10:03  Adept  
  61  10:26  Twilight Council  
  55  10:32  Sentry x2  
  59  10:59  Zealot x2  
  59  11:00  Zealot x5  
  59  11:01  Nexus  
  73  11:04  Charge (Chrono Boost)  
  73  11:09  Templar Archives  
  73  11:17  Pylon  
  73  11:27  Forge  
  73  11:28  Zealot x3  
  73  11:29  Zealot  
  81  11:48  High Templar x4  
  81  11:52  High Templar x2  
  81  11:53  Archon x2  
  93  11:59  Probe, Archon  
  94  12:01  Protoss Ground Weapons Level 1 (Chrono Boost)  
  94  12:05  Zealot  
  96  12:20  Zealot x2  
  96  12:21  Assimilator, Zealot  
  100  12:35  High Templar x2  
  100  12:36  Zealot x2  
  106  12:38  Photon Cannon  
  106  12:40  Archon, Pylon  
  106  12:47  Observer (Chrono Boost)  
  107  12:53  Photon Cannon, Zealot x3  
  107  12:57  Zealot x2  
  115  13:19  High Templar x2, Zealot x5  
  125  13:23  Archon  
  125  13:40  Zealot x5  
  100  13:48  Zealot x2  
Show
View Real Time Build Order
Export as new Build Order

Harstem Protoss - Winner!

Build Orders: Oracle Opening, Archon Immortal 

Get SALT Encoding   

  12  0:01  Probe (Chrono Boost)  
  13  0:11  Probe (Chrono Boost)  
  14  0:18  Pylon  
  14  0:22  Probe (Chrono Boost)  
  15  0:36  Probe (Chrono Boost), Gateway  
  16  0:47  Probe (Chrono Boost)  
  16  0:48  Assimilator  
  17  0:52  Assimilator  
  17  0:57  Probe (Chrono Boost)  
  17  1:03  Gateway  
  18  1:08  Probe (Chrono Boost)  
  20  1:18  Probe (Chrono Boost)  
  20  1:23  Cybernetics Core  
  20  1:29  Probe (Chrono Boost)  
  21  1:35  Pylon  
  21  1:39  Probe (Chrono Boost)  
  22  1:50  Probe (Chrono Boost)  
  23  2:01  Stalker (Chrono Boost), Warp Gate (Chrono Boost)  
  27  2:03  Stalker (Chrono Boost)  
  27  2:04  Probe  
  28  2:12  Pylon  
  28  2:19  Stargate  
  28  2:49  Nexus  
  30  3:01  Stalker (Chrono Boost)  
  30  3:06  Oracle (Chrono Boost)  
  30  3:12  Stalker (Chrono Boost)  
  35  3:19  Pylon  
  35  3:23  Probe  
  36  3:35  Mothership Core (Chrono Boost)  
  38  3:55  Probe  
  42  4:04  Pylon  
  42  4:07  Probe x2  
  44  4:18  Probe (Chrono Boost)  
  44  4:19  Probe (Chrono Boost)  
  44  4:20  Robotics Facility  
  44  4:24  Sentry  
  45  4:26  Sentry  
  45  4:30  Probe (Chrono Boost)  
  49  4:31  Probe (Chrono Boost), Forge  
  49  4:41  Probe x2 (Chrono Boost)  
  51  4:46  Gateway  
  51  4:48  Pylon  
  51  4:50  Stalker  
  51  4:52  Sentry  
  56  4:56  Probe (Chrono Boost)  
  56  5:01  Pylon  
  57  5:07  Pylon  
  57  5:08  Immortal (Chrono Boost)  
  57  5:10  Probe  
  61  5:18  Assimilator  
  62  5:22  Probe  
  62  5:23  Adept  
  62  5:25  Probe, Adept  
  67  5:34  Probe  
  67  5:35  Probe  
  69  5:44  Immortal (Chrono Boost)  
  69  5:46  Probe x2, Assimilator  
  75  5:54  Adept x2  
  79  5:58  Probe  
  80  6:04  Adept  
  80  6:05  Probe  
  80  6:08  Protoss Ground Weapons Level 1  
  83  6:15  Adept  
  83  6:16  Adept  
  72  6:20  Immortal (Chrono Boost)  
  74  6:27  Adept  
  74  6:31  Probe, Gateway  
  74  6:37  Adept x2  
  70  6:46  Probe  
  64  6:48  Adept  
  59  6:56  Oracle (Chrono Boost)  
  63  7:02  Twilight Council  
  62  7:08  Probe, Zealot  
  62  7:10  Probe  
  62  7:12  Observer (Chrono Boost)  
  67  7:19  Probe  
  67  7:22  Probe, Zealot  
  71  7:28  Adept  
  71  7:29  Probe  
  73  7:34  Probe  
  75  7:47  Protoss Ground Weapons Level 2  
  75  7:48  Nexus  
  75  7:50  Charge (Chrono Boost)  
  72  7:52  Adept  
  72  7:54  Phoenix  
  72  7:55  Probe  
  75  8:11  Immortal  
  78  8:21  Zealot x3  
  78  8:24  Zealot  
  86  8:28  Probe  
  86  8:33  Templar Archives  
  87  8:42  Zealot x3  
  87  8:48  Pylon  
  93  9:05  Zealot x4  
  101  9:11  Immortal (Chrono Boost)  
  105  9:22  Probe  
  90  9:26  High Templar x3  
  90  9:27  Zealot  
  90  9:28  Probe  
  85  9:31  Archon  
  85  9:36  Pylon  
  83  9:43  Gateway  
  82  9:48  High Templar  
  82  9:52  Archon  
  84  9:56  Mothership Core  
  84  9:59  Zealot x3  
  76  10:07  Probe (Chrono Boost)  
  70  10:18  Probe (Chrono Boost)  
  70  10:19  Probe x2 (Chrono Boost)  
  69  10:23  High Templar x2  
  73  10:29  Probe x2 (Chrono Boost)  
  73  10:30  Probe (Chrono Boost)  
  73  10:32  Observer (Chrono Boost)  
  73  10:33  Archon  
  76  10:40  Probe x2 (Chrono Boost)  
  78  10:43  Probe (Chrono Boost)  
  78  10:50  Zealot x2  
  78  10:55  Immortal  
  82  10:57  Zealot x2, Pylon  
  90  11:08  Gateway  
  90  11:13  High Templar x2  
  90  11:16  Probe (Chrono Boost)  
  95  11:18  Photon Cannon, Archon  
  95  11:19  Probe (Chrono Boost)  
  97  11:28  Probe (Chrono Boost)  
  97  11:29  Zealot x2  
  97  11:30  Zealot  
  97  11:32  Observer  
  104  11:45  Gateway  
  104  11:47  High Templar x2, Gateway  
  104  11:48  Warp Prism  
  104  11:51  Archon  
  110  12:04  Zealot  
  112  12:11  Nexus  
  112  12:13  Assimilator  
  112  12:14  Pylon  
  112  12:15  High Templar  
  112  12:16  High Templar  
  112  12:17  Assimilator  
  112  12:18  Probe (Chrono Boost)  
  112  12:20  Probe (Chrono Boost)  
  112  12:21  Archon  
  118  12:26  Probe (Chrono Boost)  
  118  12:27  Zealot  
  118  12:29  Probe (Chrono Boost)  
  122  12:33  Probe (Chrono Boost)  
  122  12:36  Probe (Chrono Boost)  
  121  12:41  Pylon  
  121  12:45  Gateway  
  121  12:47  High Templar x2  
  121  12:48  Zealot x2  
  129  12:52  Archon  
  129  12:53  Zealot  
  131  13:01  Probe (Chrono Boost)  
  131  13:02  Probe (Chrono Boost)  
  131  13:03  Probe (Chrono Boost)  
  134  13:10  High Templar x2  
  134  13:11  Zealot  
  141  13:13  Probe (Chrono Boost)  
  141  13:15  Archon  
  141  13:22  Pylon  
  141  13:23  Probe (Chrono Boost), Pylon  
  141  13:24  High Templar x2  
  146  13:29  Archon  
  146  13:31  Zealot x3  
  150  13:40  Zealot  
  132  13:46  Zealot x2  
  120  13:55  Zealot x2  
Tags
 
Add a new tag
Caveats
  • Supply blocks, unpowered buildings, or Contaminate may cause inaccurate times.
  • Supply counts are checked every 10 seconds.